 Dungeon Crawl Stone Soup version 0.29.1-15-g9cfb28693d (webtiles) character file.

Game seed: 12509262961442239479

333 Peloso the Slasher (level 6, 0/53 HPs)
             Began as a Minotaur Fighter on Apr 2, 2023.
             Slain by a gnoll
             ... wielding a +0 spear
             ... led by a gnoll bouda
              (2 damage)
             ... on level 4 of the Dungeon.
             The game lasted 00:05:06 (4108 turns).

Peloso the Slasher (Minotaur Fighter)               Turns: 4108, Time: 00:05:08

Health: 0/53       AC:  9    Str: 20    XL:     6   Next: 27%
Magic:  5/5        EV:  7    Int:  5    God:
Gold:   180        SH:  5    Dex: 12    Spells: 5/5 levels left

rFire   + . .      SeeInvis .   a - +0 long sword
rCold   . . .      Faith    .   d - +0 buckler
rNeg    . . .      Spirit   .   c - +0 chain mail
rPois   .          Reflect  .   (helmet restricted)
rElec   .          Harm     .   (no cloak)
rCorr   .          Rampage  .   (no gloves)
Will    .....                   (no boots)
Stlth   ..........              (no amulet)
HPRegen 0.17/turn               g - ring of protection from fire
MPRegen 0.09/turn               (no ring)

@: no status effects
A: horns 2, retaliatory headbutt
a: no special abilities


You were on level 4 of the Dungeon.
You visited 1 branch of the dungeon, and saw 4 of its levels.

You collected 180 gold pieces.

Inventory:

Hand Weapons
 a - a +0 long sword (weapon)
Armour
 b - a +0 scale mail
 c - a +0 chain mail (worn)
 d - a +0 buckler (worn)
Jewellery
 g - a ring of protection from fire (left hand)
 i - an amulet of faith
 m - a +6 ring of intelligence
 u - a ring of protection from cold
Wands
 q - a wand of polymorph (14)
Scrolls
 f - 2 scrolls of amnesia {unknown}
 k - 2 scrolls of immolation {unknown}
 o - a scroll of silence {unknown}
 p - a scroll of fear {unknown}
 r - a scroll of butterflies {unknown}
 s - a scroll of enchant weapon {unknown}
 t - a scroll of blinking {unknown}
 w - a scroll of teleportation {unknown}
Potions
 e - 2 potions of might
 h - 2 potions of curing
 j - 2 potions of flight {unknown}
 l - a potion of brilliance
 n - a potion of invisibility {unknown}
 v - a potion of cancellation {unknown}


   Skills:
 + Level 4.6 Fighting
 + Level 5.5 Long Blades
 + Level 5.0 Armour
 + Level 1.0 Dodging
 + Level 4.8 Shields


You had 5 spell levels left.
You didn't know any spells.
Your spell library was empty.

Dungeon Overview and Level Annotations

Branches:
Dungeon (4/15)
 Temple: D:4-7

Altars:

Shops:
D:2 (!(


Innate Abilities, Weirdness & Mutations

You have a pair of horns on your head.
You reflexively headbutt those who attack you in melee.


Message History

You block the gnoll's attack.
The gnoll bouda hits you with a +0 whip.
* * * LOW HITPOINT WARNING * * *
You closely miss the gnoll bouda.
The gnoll bouda is heavily wounded.
You block the gnoll's attack. The gnoll bouda barely misses you.
You hit the gnoll bouda but do no damage.
Your headbutt misses the gnoll bouda.
The gnoll bouda is heavily wounded.
The gnoll hits you but does no damage.
The gnoll bouda hits you with a +0 whip.
* * * LOW HITPOINT WARNING * * *
You feel better. The gnoll hits you but does no damage.
The gnoll bouda barely misses you.
You closely miss the gnoll bouda. You headbutt the gnoll bouda.
The gnoll bouda is severely wounded.
The gnoll hits you from afar with a +0 spear.
* * * LOW HITPOINT WARNING * * *
The gnoll bouda hits you but does no damage.
You closely miss the gnoll bouda.
The gnoll bouda is severely wounded.
The gnoll hits you but does no damage. The gnoll bouda barely misses you.
You hit the gnoll bouda.
The gnoll bouda is almost dead.
The gnoll barely misses you.
The gnoll bouda utters an invocation to its god.
The gnoll bouda is healed somewhat.
You hit the gnoll bouda but do no damage.
The gnoll bouda is severely wounded.
The gnoll is no longer moving quickly.
The gnoll hits you but does no damage.
The gnoll bouda hits you with a +0 whip.
* * * LOW HITPOINT WARNING * * *
You block the gnoll's attack.
You barely miss the gnoll bouda. You headbutt the gnoll bouda.
The gnoll bouda is almost dead.
The gnoll is no longer moving quickly.
The gnoll bouda hits you with a +0 whip.
* * * LOW HITPOINT WARNING * * *
The gnoll hits you from afar with a +0 spear.
You die...

#.............
#....g..#
#...##### #.###
##.# #gg# #g##
##g# #@## #.#
##.# #.## ##.#
##### #..#
###...## #.##
##".....####.#
###.........#..#


You could see a gnoll bouda and 3 gnolls.

Vanquished Creatures
  A necrophage (D:3)
  An iguana (D:4)
  Natasha (twice) (D:2)
  An orc wizard (D:4)
  4 gnolls
  5 adders
  A worm (D:3)
  A dart slug (D:3)
  9 orcs
  10 ball pythons
  4 endoplasms
  5 giant cockroaches
  4 goblins
  9 hobgoblins
  6 jackals
  7 kobolds
  2 quokkas
  4 bats
  2 frilled lizards
  4 rats
82 creatures vanquished.

Notes
Turn   | Place    | Note
-------+----------+-------------------------------------------
     0 | D:1      | Peloso the Minotaur Fighter began the quest for the Orb.
     0 | D:1      | Reached XP level 1. HP: 19/19 MP: 0/0
     6 | D:1      | Noticed a komodo dragon
     6 | D:1      | Noticed a black bear
     6 | D:1      | Noticed a black mamba
   372 | D:1      | Reached XP level 2. HP: 27/27 MP: 1/1
   433 | D:1      | Found a faded altar of an unknown god.
  1212 | D:2      | You fall into a shaft and drop 1 floor!
  1239 | D:2      | Reached XP level 3. HP: 22/33 MP: 2/2
  1474 | D:2      | Found Enleddu's Weapon Shop.
  1692 | D:2      | Noticed Natasha
  1705 | D:2      | Killed Natasha
  1706 | D:2      | Reached XP level 4. HP: 27/40 MP: 3/3
  2268 | D:2      | Found Qieq's Antique Weapon Emporium.
  2345 | D:2      | Noticed Natasha
  2356 | D:2      | Killed Natasha
  2498 | D:2      | Found Ikhai's Distillery.
  2575 | D:3      | Reached XP level 5. HP: 43/46 MP: 4/4
  3600 | D:3      | Reached skill level 5 in Long Blades
  3751 | D:4      | Reached skill level 1 in Dodging
  3751 | D:4      | Reached XP level 6. HP: 33/53 MP: 5/5
  4095 | D:4      | Reached skill level 5 in Armour
  4108 | D:4      | HP: 2/53 [gnoll bouda/+0 whip (4)]
  4108 | D:4      | Slain by a gnoll

Illustrated notes

Levels and vault maps discovered:
D:1:      onia_arrival_zoo_common, layout_loops_corners,
          ebering_ecumenical_altar_sacrificial, st_stairs_6
D:2:      layout_loops_ring, serial_shops, nicolae_shop_behind_doors,
          nicolae_shop_bloodbath_and_beyond, shop_statue, uniq_natasha
D:3:      layout_loops_cross
D:4:      layout_cave_pods, minmay_temple_entry_poolview

Skill      XL: |  1  2  3  4  5  6 |
---------------+-------------------+-----
Armour         | 4 5 |  5.0
Fighting       | 4 |  4.6
Long Blades    | 3 4 5 |  5.5
Shields        | 4 |  4.8
Dodging        | 1 |  1.0

Action                   |  1- 3 |  4- 6 || total
-------------------------+-------+-------++-------
Melee: Long sword        |    53 |   188 ||   241
       Headbutt          |     7 |    27 ||    34
  Use: Potion            |     1 |     1 ||     2
       Scroll            |     2 |       ||     2
Armor: Scale mail        |     6 |       ||     6
       Chain mail        |    20 |   121 ||   141
Dodge: Dodged            |    27 |    79 ||   106
Block: Buckler           |    10 |    60 ||    70
